 Dungeon Crawl Stone Soup version 0.23-a0-79-gaa8cc03057 (webtiles) character file.

56 LLavrengius the Insei (level 3, 0/24 HPs)
             Began as an Octopode Transmuter on Aug 12, 2018.
             Succumbed to an adder's poison
             ... on level 2 of the Dungeon.
             The game lasted 00:05:43 (1579 turns).

LLavrengius the Insei (Octopode Transmuter)         Turns: 1579, Time: 00:05:44

Health: 0/24       AC:  1    Str:  9    XL:     3   Next: 97%
Magic:  1/6        EV: 12    Int: 21    God:
Gold:   43         SH:  0    Dex: 12    Spells: 0/6 levels left

rFire    . . .     SeeInvis .     - Unarmed
rCold    . . .     Gourm    .   (no shield)
rNeg     . . .     Faith    .   (helmet restricted)
rPois    .         Spirit   .   (no amulet)
rElec    .         Reflect  .   (no ring)
rCorr    .         Harm     .   (no ring)
MR       .....                  (no ring)
Stlth    ++........             (no ring)
HPRegen  0.08/turn              (no ring)
MPRegen  0.10/turn              (no ring)
                                (no ring)
                                (no ring)

@: brilliant, lethally poisoned (0 -> -10), appendage (expiring), hasted,
heavily drained, very quick
A: almost no armour, stealthy swim, amphibious, 8 rings, constrict 8, tentacle
spike 3, camouflage 1, gelatinous body 1
a: End Transformation


You were on level 2 of the Dungeon.
You were hungry.
One of your tentacles had a temporary spike.
You visited 1 branch of the dungeon, and saw 2 of its levels.

You collected 43 gold pieces.

Inventory:

Hand Weapons
 p - a cursed -1 hunting sling
Missiles
 a - 9 arrows
 d - 24 stones (quivered)
 l - 2 tomahawks
Scrolls
 b - a scroll of remove curse {unknown}
 e - a scroll of identify {unknown}
 f - 2 scrolls of blinking {unknown}
 i - 2 scrolls of immolation {unknown}
 k - a scroll of teleportation {unknown}
Potions
 m - a potion of ambrosia {unknown}
 n - a potion of mutation {unknown}
 o - a potion of heal wounds {unknown}
Comestibles
 c - 2 rations
 h - a chunk of flesh


   Skills:
 + Level 1.8(0.3) Fighting
 - Level 2.0(0.5) Dodging
 + Level 3.4(1.9) Unarmed Combat
 - Level 2.0(0.5) Spellcasting
 - Level 3.0(1.4) Transmutations
 * Level 1.4(0.0) Poison Magic


You couldn't memorise any spells.
You knew the following spells:

 Your Spells              Type           Power        Failure   Level  Hunger
a - Beastly Appendage     Tmut           ###...       1%          1    ##.....
b - Sticks to Snakes      Tmut           ###.....     1%          2    ###....
c - Spider Form           Tmut/Pois      ###.......   4%          3    ####...

Your spell library contained the following spells:

 Spells                   Type           Power        Failure   Level  Hunger
 Blade Hands              Tmut           ###.......   26%         5    ######.
 Ice Form                 Ice/Tmut       ###.....     13%         4    #####..


Dungeon Overview and Level Annotations

Branches:
Dungeon (2/15)

Altars:


Innate Abilities, Weirdness & Mutations

You cannot wear most types of armour.
You are very stealthy in the water. (Stealth+)
You are amphibious.
You can wear up to eight rings at the same time.
You can use your tentacles to constrict eight enemies at once.
Your skin changes colour to match your surroundings (Stealth+).
Your rubbery body absorbs attacks. (AC +1, EV +1)
One of your tentacles bears a large vicious spike.


Message History

* * * LOW HITPOINT WARNING * * *
Your adder bites the adder.
You miss the adder. Your grab misses the adder.
Your tentacle spike misses the adder.
Your squeeze misses the adder.
The adder is almost dead.
The adder bites you.
* * * LOW HITPOINT WARNING * * *
You are lethally poisoned!
The adder poisons you!
Your adder completely misses the adder.
It was a potion of brilliance.
You feel clever all of a sudden.
* * * LOW HITPOINT WARNING * * *
You feel sick. The adder bites you.
* * * LOW HITPOINT WARNING * * *
You are more poisoned.
The adder poisons you!
Your adder barely misses the adder.
The adder closely misses you.
Your adder bites the adder.
The adder dies!
It was a potion of haste.
You feel yourself speed up.
You die...

.. #. .#.# ?# ##.#.#
.## #..#.# #.
..######.##.##..
.............
###.#......#.##
#.....##.((...#####
#!@##..#........###
##...(###..........
#.S..## ##.........
#.#................
#.........#........
...S...#####.####.##
#.#..##... #.. #.#
...... ##.# ###.
#.## ...... .# #..#


You could see a friendly adder.

Vanquished Creatures
  An ooze (D:1)
  3 dart slugs (D:1)
  A leopard gecko (D:1)
  A ball python (D:1)
  3 giant cockroaches (D:1)
  3 hobgoblins (D:1)
  3 kobolds (D:1)
  6 bats
  3 frilled lizards (D:1)
  4 goblins (D:1)
  7 rats (D:1)
35 creatures vanquished.

Vanquished Creatures (collateral kills)
  An adder (D:2)
  2 worms (D:2)
  A leopard gecko (D:2)
  A goblin (D:2)
5 creatures vanquished.

Grand Total: 40 creatures vanquished

Notes
Turn   | Place    | Note
-------+----------+-------------------------------------------
     0 | D:1      | LLavrengius the Octopode Transmuter began the quest for the Orb.
     0 | D:1      | Reached XP level 1. HP: 13/13 MP: 3/3
   231 | D:1      | Reached XP level 2. HP: 18/18 MP: 1/5
   239 | D:1      | Learned a level 2 spell: Sticks to Snakes
   552 | D:1      | Reached XP level 3. HP: 18/23 MP: 4/6
   557 | D:1      | Learned a level 3 spell: Spider Form
  1360 | D:1      | Reached skill level 1 in Poison Magic
  1578 | D:2      | HP: 1/24 [adder (2)]
  1579 | D:2      | Succumbed to an adder's poison

Vault maps used:
D:1:      lemuel_arrival_funnel, hangedman_abyss_or_decor_lesser_grid,
          minmay_pentomino_s2

Skill      XL: |  1  2  3 |
---------------+----------+-----
Transmutations | 3 |  3.0
Poison Magic   | 1 |  1.4
Fighting       | |  1.8
Dodging        | |  2.0
Unarmed Combat | |  3.4
Spellcasting   | |  2.0

Action                   || total
-------------------------++-------
Melee: Unarmed           ||    87
       Constrict         ||    26
       Tentacles         ||    14
       Punch             ||     1
       Kick              ||     9
 Cast: Beastly Appendage ||    10
       Sticks to Snakes  ||     3
  Use: Potion            ||     2
 Stab: Sleeping          ||     6
  Eat: Chunk             ||     2
Armor: Skin              ||    11
Dodge: Dodged            ||    56

Table legend:
 A = Non-vault XP
 B = Vault XP
 C = Vault XP percentage of total XP
 D = Non-vault monster count
 E = Vault monster count
 F = Vault count percentage of total count
 G = Total turns spent on level
                 A         B        C        D         E       F
            +---------+---------+-------+---------+---------+-------
      Total |      74 |       7 |   8.6 |      38 |       2 |   5.0
            +---------+---------+-------+---------+---------+-------
        D:1 |      56 |       7 |  11.1 |      32 |       2 |   5.9
        D:2 |      18 |       0 |   0.0 |       6 |       0 |   0.0
            +---------+---------+-------+---------+---------+-------
